 Dungeon Crawl Stone Soup version 0.20-a0-269-g17f5411 (webtiles) character file.

1827 Faca the Blocker (level 9, -1/68 HPs)
             Began as a Formicid Fighter on Dec 8, 2016.
             Was a Follower of Okawaru.
             Splashed by a jelly's acid (12 damage)
             ... on level 8 of the Dungeon.
             The game lasted 00:23:25 (7105 turns).

Faca the Blocker (Formicid Fighter)                 Turns: 7105, Time: 00:23:26

Health: -1/68      AC: -6    Str: 21    XL:     9   Next: 32%
Magic:  9/9        EV:  5    Int:  8    God:    Okawaru [*.....]
Gold:   446        SH: 21    Dex: 13    Spells: 8/8 levels left

rFire  . . .     SeeInvis +     a - +1 war axe
rCold  . . .     Gourm    .     n - +0 plate armour
rNeg   . . .     Faith    .     s - +0 large shield
rPois  .         Spirit   .     (helmet unavailable)
rElec  .         Reflect  +     (no cloak)
rCorr  .         Harm     .     m - +0 pair of gloves
MR     .....                    (no boots)
Stlth  ..........               o - +4 amulet of reflection
                                (no ring)
                                (no ring)

@: corroded
A: permanent stasis, dig shafts and tunnels, four strong arms, antennae 3
a: Dig, Shaft Self, Heroism, Renounce Religion


You were on level 8 of the Dungeon.
You worshipped Okawaru.
Okawaru was aware of your devotion.
You were not hungry.

You visited 2 branches of the dungeon, and saw 9 of its levels.

You collected 446 gold pieces.

Inventory:

Hand Weapons
 a - a +1 war axe (weapon)
 c - a +1 flail of holy wrath
Armour
 m - a +0 pair of gloves (worn)
 n - a +0 plate armour (worn)
 s - a +0 large shield (worn)
Jewellery
 o - a +4 amulet of reflection (around neck)
Wands
 l - a wand of iceblast (7/15)
Scrolls
 d - a scroll of identify
 h - a scroll of remove curse
 j - a scroll of enchant weapon
Potions
 b - a potion of brilliance
 e - 9 potions of curing
 g - a potion of flight
 i - a potion of invisibility
 k - a potion of resistance
Comestibles
 f - 3 bread rations


   Skills:
 + Level 5.4 Fighting
 + Level 7.3 Axes
 + Level 5.0 Armour
 + Level 1.0 Dodging
 - Level 0.3 Stealth
 + Level 9.4 Shields


You had 8 spell levels left.
You didn't know any spells.

Dungeon Overview and Level Annotations

Branches:
Dungeon (8/15)             Temple (1/1) D:4
   Lair: D:8-11

Altars:
Cheibriados
Dithmenos
Elyvilon
Fedhas
Gozag
Makhleb
Nemelex Xobeh
Okawaru
Qazlal
Ru
Sif Muna
Trog
Yredelemnul
Zin

Shops:
D:6 [


Innate Abilities, Weirdness & Mutations

You cannot be hasted, slowed, berserked, paralysed or teleported.
You can dig through walls and to a lower floor.
Your four strong arms can wield two-handed weapons with a shield.
You have a pair of large antennae on your head. (SInv)


Message History

You are too injured to fight recklessly!
You are too injured to fight recklessly!
You are too injured to fight recklessly!
You are too injured to fight recklessly!
You are too injured to fight recklessly!
You are too injured to fight recklessly!
You are too injured to fight recklessly!
You are too injured to fight recklessly!
You are too injured to fight recklessly!
You are too injured to fight recklessly!
You are too injured to fight recklessly!
You are too injured to fight recklessly!
You are too injured to fight recklessly!
You are too injured to fight recklessly!
Your plate armour prevents you from hitting the jelly.
The jelly is severely wounded.
The jelly hits you.
* * * LOW HITPOINT WARNING * * *
You are splashed with acid!
The acid burns!
You die...

## #. #.#
###.. ##
#≈##J##≈#
#.≈.≈@≈.#
##..#..##
##..#.####.#
#..<.......#
#.########...
#


You could see a jelly.

Vanquished Creatures
  Sigmund (D:3)
  An orc warrior (D:6)
  Duvessa (D:5)
  An ice beast (D:7)
  An ogre (D:6)
  A bullfrog (D:6)
  A water moccasin zombie (D:7)
  Dowan (D:5)
  2 scorpions
  5 crimson imps
  2 jellies (D:8)
  4 hounds
  3 orc priests
  2 bullfrog skeletons (D:5)
  2 orc wizards
  Jessica (D:2)
  Ijyb (D:3)
  Terence (D:3)
  An iguana (D:4)
  4 worker ants
  A killer bee zombie (D:6)
  A hound skeleton (D:5)
  Robin (D:3)
  A howler monkey skeleton (D:4)
  3 gnolls (D:2)
  7 adders
  6 oozes
  A worm (D:4)
  A dart slug (D:1)
  4 leopard geckos
  21 orcs
  3 ball pythons
  2 giant cockroaches (D:2)
  11 goblins
  10 hobgoblins
  9 jackals
  3 quokkas (D:2)
  A ball python skeleton (D:4)
  6 bats
  2 frilled lizards
  4 kobolds
  A leopard gecko skeleton (D:5)
  A quokka skeleton (D:5)
  8 rats
144 creatures vanquished.

Vanquished Creatures (others)
  A quokka (D:6)
1 creature vanquished.

Grand Total: 145 creatures vanquished

Notes
Turn   | Place    | Note
-------+----------+-------------------------------------------
     0 | D:1      | Faca the Formicid Fighter began the quest for the Orb.
     0 | D:1      | Reached XP level 1. HP: 18/18 MP: 1/1
     2 | D:1      | Noticed a minotaur
     2 | D:1      | Noticed a gargoyle
     4 | D:1      | Noticed a vampire
     4 | D:1      | Noticed a spriggan
     6 | D:1      | Noticed a tengu
     6 | D:1      | Noticed a centaur
     8 | D:1      | Noticed a demonspawn
     8 | D:1      | Noticed a merfolk
    10 | D:1      | Noticed a ghoul
    12 | D:1      | Noticed a human
    14 | D:1      | Noticed an elf
    14 | D:1      | Noticed a felid
    16 | D:1      | Noticed a formicid
    16 | D:1      | Noticed a dwarf
    18 | D:1      | Noticed a halfling
    20 | D:1      | Noticed an octopode
    20 | D:1      | Noticed a naga
    22 | D:1      | Noticed an ogre
    24 | D:1      | Noticed a draconian
    24 | D:1      | Noticed a demigod
    26 | D:1      | Noticed a troll
    26 | D:1      | Noticed a vine stalker
   286 | D:1      | Reached XP level 2. HP: 17/24 MP: 2/2
   455 | D:1      | Reached skill level 4 in Shields
   593 | D:2      | Reached XP level 3. HP: 23/29 MP: 3/3
   602 | D:2      | Reached XP level 4. HP: 13/35 MP: 4/4
  1413 | D:2      | Noticed Jessica
  1430 | D:2      | Killed Jessica
  1430 | D:2      | Reached XP level 5. HP: 28/42 MP: 5/5
  1813 | D:3      | Noticed Terence
  1821 | D:3      | Killed Terence
  1835 | D:3      | Found a shadowy altar of Dithmenos.
  1843 | D:3      | Noticed Robin
  1852 | D:3      | Killed Robin
  1860 | D:3      | Reached XP level 6. HP: 41/48 MP: 6/6
  1892 | D:3      | Noticed Sigmund
  1905 | D:3      | Killed Sigmund
  1905 | D:3      | Reached skill level 5 in Shields
  1978 | D:3      | Noticed Ijyb
  1991 | D:3      | Killed Ijyb
  1991 | D:3      | Reached XP level 7. HP: 54/54 MP: 7/7
  2072 | D:3      | Found a burning altar of Makhleb.
  2149 | D:3      | Found a faded altar of an unknown god.
  2174 | D:3      | Reached skill level 5 in Axes
  2527 | D:3      | Found an opulent altar of Gozag.
  2527 | D:3      | Found a bloodstained altar of Trog.
  2532 | D:3      | Found a sparkling altar of Nemelex Xobeh.
  2534 | D:3      | Found a glowing silver altar of Zin.
  2536 | D:3      | Found a faded altar of an unknown god.
  2698 | D:4      | Found a stormy altar of Qazlal.
  2881 | D:4      | Found a staircase to the Ecumenical Temple.
  2888 | Temple   | Entered the Ecumenical Temple
  2895 | Temple   | Became a worshipper of Warmaster Okawaru
  3212 | D:5      | Entered Level 5 of the Dungeon
  3558 | D:5      | Found a snail-covered altar of Cheibriados.
  3608 | D:5      | Noticed Duvessa
  3625 | D:5      | Noticed Dowan
  3633 | D:5      | Killed Duvessa
  3633 | D:5      | Reached skill level 6 in Shields
  3633 | D:5      | Reached XP level 8. HP: 48/61 MP: 8/8
  3645 | D:5      | Killed Dowan
  3816 | D:5      | Reached * piety under Okawaru
  4221 | D:6      | Got a jewelled dagger
  4227 | D:6      | Identified the cursed +1 dagger of Destiny {vamp, *Corrode rElec rC+ Str+2} (You found it on level 6 of the Dungeon)
  4313 | D:6      | HP: 3/61 [orc warrior/short sword (6)]
  4315 | D:6      | HP: 1/61 [orc warrior/short sword (3)]
  4318 | D:6      | Reached skill level 1 in Dodging
  4547 | D:6      | Found a white marble altar of Elyvilon.
  4999 | D:6      | Reached skill level 5 in Fighting
  4999 | D:6      | Reached skill level 7 in Shields
  5194 | D:6      | Found Fuint's Antique Armour Shop.
  5392 | D:6      | Reached skill level 8 in Shields
  6158 | D:7      | Reached XP level 9. HP: 47/68 MP: 9/9
  6720 | D:7      | Found a sacrificial altar of Ru.
  6745 | D:7      | Reached skill level 9 in Shields
  6978 | D:7      | Reached skill level 5 in Armour
  7105 | D:8      | Splashed by a jelly's acid

Vault maps used:
D:1:      kb_arrival_jail, minmay_misc_feat_pillars
D:2:      kennysheep_jessica_study
D:3:      chequers_temple_overflow_minitemple, nicolae_overflow_crystal_walls,
          chequers_ecumenical_altar_simple, first_bread, bloody_makhleb,
          uniq_robin, uniq_terence, uniq_iyjb, uniq_sigmund
D:4:      grunt_qazlal_sundering
D:5:      cheibriados_altar_1, uniq_duvessa
D:6:      serial_shops, nicolae_shop_stone, elyvilon_altar_4
D:7:      nicolae_ru_the_path_less_chosen
D:8:      old_standard_altar, hangedman_little_slice_of_home, uniq_grum
Temple:   compressed_dpeg_triangle_lava_temple

Skill      XL: |  1  2  3  4  5  6  7  8  9 |
---------------+----------------------------+-----
Shields        | 4 5 6 8 9 |  9.4
Axes           | 3 4 6 7 |  7.3
Fighting       | 4 5 |  5.4
Armour         | 4 5 |  5.0
Dodging        | 1 |  1.0
Stealth        | |  0.3

Action                   |  1- 3 |  4- 6 |  7- 9 || total
-------------------------+-------+-------+-------++-------
Melee: War axe           |    62 |   158 |   235 ||   455
       Dagger            |       |       |  1247 ||  1247
  Use: Scroll            |     3 |     7 |    10 ||    20
       Potion            |       |     2 |       ||     2
  Eat: Beef jerky        |       |     1 |     1 ||     2
       Fruit             |       |     5 |     3 ||     8
       Meat ration       |       |       |     3 ||     3
       Pizza             |       |       |     2 ||     2
       Bread ration      |       |       |     1 ||     1
Armor: Scale mail        |    27 |    10 |       ||    37
       Plate armour      |       |    69 |   341 ||   410
Dodge: Dodged            |    21 |    27 |   100 ||   148
Block: Shield            |    29 |   133 |   119 ||   281
       Reflection        |       |     1 |     8 ||     9
       Large shield      |       |       |  1069 ||  1069
